 Dungeon Crawl Stone Soup version 0.32-a0-407-g4da7c8d6d1 (webtiles) character file.

Game seed: 4799825514278377645

104 seren the Digger (level 4, -6/24 HPs)
             Began as a Gargoyle Earth Elementalist on Feb 20, 2024.
             Mangled by an iguana (7 damage)
             ... on level 4 of the Dungeon.
             The game lasted 00:04:25 (1998 turns).

seren the Digger (Gargoyle Earth Elementalist)      Turns: 1998, Time: 00:04:25

Health: -6/24      AC:  7    Str: 12    XL:     4   Next: 80%
Magic:  1/7        EV: 12    Int: 17    God:
Gold:   117        SH:  0    Dex: 16    Spells: 4/8 levels left

rFire   . . .        h - +0 dagger
rCold   . . .        (no shield)
rNeg    + . .        a - +0 robe
rPois   ∞            (no helmet)
rElec   +            (no cloak)
rCorr   .            f - +0 pair of gloves
SInv    .            n - +0 pair of boots
Will    .....        (no amulet)
Stlth   ++           j - +6 ring of dexterity
HPRegen 0.24/turn    (no ring)
MPRegen 0.10/turn

%: no passive effects
@: no status effects
A: sickness immunity, AC +3, negative energy resistance 1, electricity
resistance, torment resistance 1, petrification resistance
a: no special abilities


You were on level 4 of the Dungeon.
You visited 1 branch of the dungeon, and saw 4 of its levels.

You collected 117 gold pieces.

Inventory:

Hand Weapons
 h - a +0 dagger (weapon)
Armour
 a - a +0 robe (worn)
 f - a +0 pair of gloves (worn)
 n - a +0 pair of boots (worn)
Jewellery
 j - a +6 ring of dexterity (left hand)
Wands
 b - a wand of polymorph (3)
Scrolls
 c - 2 scrolls of identify {unknown}
 e - 3 scrolls of teleportation {unknown}
 g - 3 scrolls of immolation {unknown}
 l - a scroll of summoning {unknown}
 m - a scroll of revelation {unknown}
 o - a scroll of fog {unknown}
 p - a scroll of fear {unknown}
Potions
 d - 3 potions of curing {unknown}
 i - a potion of heal wounds {unknown}
 k - 2 potions of might {unknown}


   Skills:
 + Level 2.2 Dodging
 + Level 3.2 Stealth
 + Level 2.6 Spellcasting
 + Level 2.2 Conjurations
 + Level 4.3 Earth Magic


You had 4 spell levels left.
You knew the following spells:

 Your Spells              Type           Power      Damage    Failure   Level
a - Sandblast             Erth           34%        2d9       3%          1
b - Stone Arrow           Conj/Erth      26%        3d8       14%         3

Your spell library contained the following spells:

 Spells                   Type           Power      Damage    Failure   Level
 Passwall                 Erth           17%        N/A       9%          3
 Slow                     Hex            8%         N/A       19%         1
 Brom's Barrelling Bould  Conj/Erth      13%        2d4       43%         4
 Petrify                  Alch/Erth      9%         N/A       58%         4


Dungeon Overview and Level Annotations

Branches:
Dungeon (4/15)
 Temple: D:4-7

Altars:
Okawaru
Wu Jian

Annotations:
D:3 1 runed translucent door, Crazy Yiuf


Innate Abilities, Weirdness & Mutations

You are immune to sickness and miasma.
Your stone body is resilient. (AC +3)
You are immune to poison.
You resist negative energy. (rN+)
You are resistant to electric shocks. (rElec)
You are resistant to unholy torment.
You are immune to petrification.


Message History

An iguana comes into view.
You see here 9 gold pieces.
You now have 117 gold pieces (gained 9).
The iguana hisses angrily.
The blast of sand misses the iguana.
The iguana bites you but does no damage.
The blast of sand hits the iguana.
The iguana is lightly wounded.
The iguana bites you. The iguana barely misses you.
The blast of sand hits the iguana.
The iguana is moderately wounded.
The iguana bites you.
The blast of sand hits the iguana.
The iguana is severely wounded.
The iguana barely misses you. The iguana bites you!
Ouch! That really hurt!
* * * LOW HITPOINT WARNING * * *
You are too injured to fight recklessly!
You are too injured to fight recklessly!
Casting: Sandblast (safe; 3% risk of failure)
Confirm with . or Enter, or press ? or * to list all spells.
You don't know that spell.
Casting: Sandblast (safe; 3% risk of failure)
Confirm with . or Enter, or press ? or * to list all spells.
Aiming: Sandblast (safe; 3% risk of failure)
Press: ? - help, Shift-Dir - straight line, f/p - iguana
Aim: an iguana (severely wounded, 84% to hit)
The blast of sand hits the iguana but does no damage.
The iguana is severely wounded.
The iguana bites you!
* * * LOW HITPOINT WARNING * * *
Casting: Sandblast (safe; 3% risk of failure)
Confirm with . or Enter, or press ? or * to list all spells.
Aiming: Sandblast (safe; 3% risk of failure)
Press: ? - help, Shift-Dir - straight line, f/p - iguana
Aim: an iguana (severely wounded, 84% to hit)
The blast of sand hits the iguana but does no damage.
The iguana is severely wounded.
The iguana bites you!
You die...

.......<.......#
..............## #
.#####+###....# ..
#..###....##...
#.............
#.........##.. #
#....#.###...###+###..#
######.###...##.......#
#..........@l.....#
#.................#
###################


You could see an iguana.

Vanquished Creatures
  Ijyb (D:3)
  An adder (D:2)
  An orc (D:2)
  3 bats (D:2)
  6 endoplasms
  A giant cockroach (D:3)
  5 goblins
  2 hobgoblins
  6 kobolds
  2 quokkas
  5 ball pythons
  3 frilled lizards
  3 rats
39 creatures vanquished.

Notes
Turn   | Place    | Note
-------+----------+-------------------------------------------
     0 | D:1      | seren the Gargoyle Earth Elementalist began the quest for
                  | the Orb.
     0 | D:1      | Reached XP level 1. HP: 10/10 MP: 3/3
    62 | D:1      | Found a faded altar of an unknown god.
    73 | D:1      | Got Plato's Compilation of Portents
   199 | D:1      | Reached XP level 2. HP: 15/15 MP: 5/5
   723 | D:2      | Reached XP level 3. HP: 19/19 MP: 3/6
   727 | D:2      | Learned a level 3 spell: Stone Arrow
   747 | D:2      | Reached skill level 4 in Earth Magic
  1305 | D:3      | Reached XP level 4. HP: 24/24 MP: 5/7
  1459 | D:3      | Found a runed translucent door.
  1460 | D:3      | Noticed Crazy Yiuf
  1517 | D:3      | Found an iron altar of Okawaru.
  1517 | D:3      | Noticed Ijyb
  1538 | D:3      | Killed Ijyb
  1692 | D:3      | Found an ornate altar of the Wu Jian Council.
  1927 | D:4      | Noticed a phantom
  1997 | D:4      | HP: 1/24 [iguana (8)]
  1998 | D:4      | Mangled by an iguana

Illustrated notes

Levels and vault maps discovered:
D:1:      lemuel_arrival_room, layout_loops_ring,
          shapermc_ecumenical_altar_rom_forum
D:2:      layout_rooms
D:3:      layout_rooms, nicolae_wu_jian_wuxing_cycle, general_overflow_altar,
          uniq_crazy_yiuf_cottage, uniq_ijyb
D:4:      layout_gridville, minmay_temple_entry_enclosed_plants,
          hangedman_decor_peaks_small, uniq_natasha, uniq_pargi

Skill      XL: |  1  2  3  4 |
---------------+-------------+-----
Earth Magic    | 4 |  4.3
Dodging        | 2 |  2.2
Conjurations   | 2 |  2.2
Stealth        | 3 |  3.2
Spellcasting   | |  2.6

Action                     |  1- 3 |  4- 6 || total
---------------------------+-------+-------++-------
  Melee: Dagger            |     7 |     9 ||    16
   Cast: Sandblast         |    37 |    29 ||    66
    Use: Potion            |       |     1 ||     1
   Stab: Sleeping          |     2 |       ||     2
 Armour: Robe              |    13 |    12 ||    25
         Skin              |       |    16 ||    16
  Dodge: Dodged            |    13 |     3 ||    16

Table legend: (Time is in decaauts)
 A = Elapsed time spent in this place.
 B = Non-inter-level travel time spent in this place.
 C = Inter-level travel time spent in this place.
 D = Time resting spent in this place.
 E = Time spent auto-exploring this place.
 F = Levels seen in this place.
 G = Mean time per level.
                   A        B        C        D        E       F      G
               +--------+--------+--------+--------+--------+-----+--------+
         Total |   2028 |   1943 |     85 |    159 |   1364 |   4 |  507.0 |
       Dungeon |   2028 |   1943 |     85 |    159 |   1364 |   4 |  507.0 |
               +--------+--------+--------+--------+--------+-----+--------+

Top non-repeatable levels by time:
     D:1: 697 daAuts
     D:3: 683 daAuts
     D:2: 602 daAuts
     D:4: 45 daAuts
